 Dungeon Crawl Stone Soup version 0.31-a0-1154-gadca813884 (webtiles) character file.

Game seed: 17225851111493442888

1525 Arzdou the Digger (level 8, 0/46 HPs)
             Began as an Octopode Earth Elementalist on Dec 7, 2023.
             Slain by a sky beast (6 damage)
             ... on level 6 of the Dungeon.
             The game lasted 00:12:52 (6005 turns).

Arzdou the Digger (Octopode Earth Elementalist)     Turns: 6005, Time: 00:12:52

Health: 0/46       AC:  1    Str:  8    XL:     8   Next: 84%
Magic:  9/15       EV: 14    Int: 19    God:
Gold:   389        SH:  0    Dex: 18    Spells: 9/17 levels left

rFire   . . .        g - +3 dagger (vamp)
rCold   . . .        (no shield)
rNeg    + . .        (helmet restricted)
rPois   .            (no amulet)
rElec   .            h - +6 ring of dexterity
rCorr   .            i - ring of positive energy
SInv    .            (no ring)
Will    .....        (no ring)
Stlth   ++++         (no ring)
HPRegen 0.27/turn    (no ring)
MPRegen 0.14/turn    (no ring)
                     (no ring)

%: no passive effects
@: no status effects
A: almost no armour, amphibious, 8 rings, camouflage 1, gelatinous body 1,
(nimble swimmer 1), tentacles
a: no special abilities


You were on level 6 of the Dungeon.
You visited 2 branches of the dungeon, and saw 7 of its levels.
You also visited: Sewer and Ossuary.

You collected 389 gold pieces.

Inventory:

Hand Weapons
 c - a +0 dagger
 g - a +3 vampiric dagger (weapon)
Missiles
 e - a throwing net
Jewellery
 h - a +6 ring of dexterity (left tentacle)
 i - a ring of positive energy (right tentacle)
Wands
 d - a wand of digging (4)
Scrolls
 f - 3 scrolls of teleportation
 j - a scroll of torment
 o - 2 scrolls of butterflies
 p - 3 scrolls of identify
 q - a scroll of blinking
 r - a scroll of revelation
 s - 2 scrolls of brand weapon
 v - 4 scrolls of vulnerability
 w - 2 scrolls of amnesia {unknown}
 x - a scroll of enchant armour {unknown}
 y - a scroll of immolation
 C - a scroll of poison {unknown}
Potions
 a - a potion of magic
 b - 4 potions of degeneration
 k - 2 potions of curing {unknown}
 l - 3 potions of ambrosia
 m - a potion of cancellation {unknown}
 n - 7 potions of enlightenment
 t - a potion of might {unknown}
 u - a potion of resistance {unknown}
 z - 4 potions of mutation
 A - a potion of heal wounds
 B - 2 potions of attraction {unknown}


   Skills:
 - Level 2.4 Dodging
 - Level 3.4 Stealth
 - Level 5.0 Spellcasting
 + Level 5.4 Conjurations
 - Level 1.6 Transmutations
 + Level 3.1 Air Magic
 - Level 6.0 Earth Magic
 + Level 3.8 Poison Magic


You had 9 spell levels left.
You knew the following spells:

 Your Spells              Type           Power      Damage    Failure   Level
a - Sandblast             Erth           54%        2d13      1%          1
b - Stone Arrow           Conj/Erth      52%        3d10      3%          3
c - Passwall              Tmut/Erth      15%        N/A       4%          2
d - Poisonous Vapours     Pois/Air       36%        N/A       4%          2

Your spell library contained the following spells:

 Spells                   Type           Power      Damage    Failure   Level
 Mephitic Cloud           Conj/Pois/Air  20%        N/A       7%          3
 Swiftness                Air            16%        N/A       10%         3
 Summon Small Mammal      Summ           16%        N/A       12%         1
 Hailstorm                Conj/Ice       15%        3d6       12%         3
 Brom's Barrelling Bould  Conj/Erth      26%        2d5       12%         4
 Ensorcelled Hibernation  Hex/Ice        8%         N/A       19%         2
 Petrify                  Tmut/Erth      19%        N/A       26%         4
 Call Canine Familiar     Summ           4%         N/A       36%         3
 Summon Guardian Golem    Hex/Summ       4%         N/A       36%         3
 Freezing Cloud           Conj/Ice/Air   7%         6-21      71%         5
 Borgnjor's Revivificati  Necr           2%         N/A       100%        8


Dungeon Overview and Level Annotations

Branches:
Dungeon (6/15)             Temple (1/1) D:5           Sewer (visited)
Ossuary (visited)

Altars:
Cheibriados
Dithmenos
Elyvilon
Fedhas
Kikubaaqudgha
Nemelex Xobeh
Okawaru
Qazlal
Ru
Sif Muna
Uskayaw
Wu Jian
Yredelemnul
The Shining One

Annotations:
D:3 Sigmund
Temple 4 transporters


Innate Abilities, Weirdness & Mutations

You cannot wear most types of armour.
You are amphibious.
You can wear up to eight rings at the same time.
Your skin changes colour to match your surroundings (Stealth+).
Your rubbery body absorbs attacks. (AC +1, EV +1)
((You are camouflaged when in or above water. (Stealth+)))
You have tentacles for arms and can constrict up to eight enemies at once.


Message History

The blast of sand hits the ogre!
You kill the ogre!
Your Air Magic skill increases to level 3!
The blast of sand hits the sky beast.
The sky beast is lightly wounded.
The sky beast closely misses you. The sky beast misses you.
The blast of sand hits the sky beast!
The sky beast is heavily wounded.
The sky beast barely misses you.
The blast of sand hits the sky beast but does no damage.
The sky beast is heavily wounded.
The sky beast flickers out of sight!
Deactivating autopickup; reactivate with Ctrl-A.
Something hits you. Something shocks you. Something hits you.
Something shocks you.
Casting: Sandblast (safe; 1% risk of failure)
Confirm with . or Enter, or press ? or * to list all spells.
You can't see any susceptible monsters within range! (Use Z to cast anyway.)
Casting: Sandblast (safe; 1% risk of failure)
Confirm with . or Enter, or press ? or * to list all spells.
Aiming: Sandblast (safe; 1% risk of failure)
Press: ? - help, Shift-Dir - straight line Something hits you.
Something shocks you.
Casting: Sandblast (safe; 1% risk of failure)
Confirm with . or Enter, or press ? or * to list all spells.
You can't see any susceptible monsters within range! (Use Z to cast anyway.)
Casting: Sandblast (safe; 1% risk of failure)
Confirm with . or Enter, or press ? or * to list all spells.
Aiming: Sandblast (safe; 1% risk of failure)
Press: ? - help, Shift-Dir - straight line The blast of sand hits something.
Something hits you. Something shocks you.
* * * LOW HITPOINT WARNING * * *
Something completely misses you.
Unknown command.
You barely miss something.
A sky beast appears from thin air!
Reactivating autopickup.
The sky beast hits you.
* * * LOW HITPOINT WARNING * * *
The sky beast shocks you.
You die...

.....##.###.###.##.....#..#......
##.#...............#...#+####...z
#####.###.###.###.##...# #... #
### ###.#######....# #.. #
#....####...## ## ###
#.......##### .)# #.......# ..#
#....Y..# ### ..# #.. #@## #.#
..# #....#..###.###### #. ..#
#.......#>.....##.. +##
#..............#..# .#
#................# .#
#...######........# .####
#.###########.#..## .<..# #.
~≈~~~~~≈#>..## ....#
..........########


You could see a sky beast.

Vanquished Creatures
  An ice beast (D:6)
  A sky beast (D:6)
  3 ogres
  A black bear (D:6)
  A phantom (D:5)
  An elf zombie (D:5)
  A brain worm (Sewer)
  A bullfrog (D:6)
  An elf skeleton (D:5)
  2 water moccasin zombies (Ossuary)
  2 wights
  A centaur zombie (Ossuary)
  A hound (D:5)
  Jessica (D:2)
  An iguana (D:4)
  2 scorpion zombies (Ossuary)
  An ogre zombie (Ossuary)
  3 gnolls (D:4)
  6 adders
  A river rat (Sewer)
  A shadow imp (D:5)
  4 adder zombies (Ossuary)
  5 worms
  2 dart slugs
  3 orcs
  10 ball pythons
  15 bats
  8 endoplasms
  8 giant cockroaches
  A gnoll zombie (Ossuary)
  10 goblins
  7 hobgoblins
  13 jackals
  9 quokkas
  3 frilled lizards (D:1)
  3 goblin zombies (Ossuary)
  3 hobgoblin zombies (Ossuary)
  10 kobolds
  3 orc skeletons (D:5)
  6 orc zombies
  9 rats
165 creatures vanquished.

Notes
Turn   | Place    | Note
-------+----------+-------------------------------------------
     0 | D:1      | Arzdou the Octopode Earth Elementalist began the quest for
                  | the Orb.
     0 | D:1      | Reached XP level 1. HP: 11/11 MP: 3/3
   223 | D:1      | Reached XP level 2. HP: 17/17 MP: 3/5
   435 | D:1      | Reached XP level 3. HP: 11/21 MP: 6/6
   698 | D:1      | Learned a level 3 spell: Stone Arrow
   701 | D:1      | Learned a level 2 spell: Passwall
   928 | D:2      | Reached XP level 4. HP: 27/27 MP: 3/7
   984 | D:2      | Identified the +1 robe of Weirdness {-Tele rC+ Dex+4}
  1153 | D:2      | Found a hide-covered altar of Uskayaw.
  1423 | D:2      | Noticed Jessica
  1430 | D:2      | Killed Jessica
  1666 | D:2      | Reached skill level 4 in Earth Magic
  1875 | D:3      | Reached XP level 5. HP: 31/31 MP: 7/9
  1964 | D:3      | Noticed Sigmund
  2061 | D:3      | Found a glowing drain.
  2065 | Sewer    | Entered a sewer
  2513 | Sewer    | Reached XP level 6. HP: 36/36 MP: 6/11
  3334 | D:4      | Got the Quarto of the Crypt and the Winter
  3439 | D:4      | Reached skill level 5 in Earth Magic
  3482 | D:4      | Reached skill level 1 in Conjurations
  3573 | D:4      | Identified the +0 robe "Ruossa" {*Corrode Int+4 Dex+4}
  4174 | D:5      | Entered Level 5 of the Dungeon
  4296 | D:5      | Reached XP level 7. HP: 41/41 MP: 7/13
  4663 | D:5      | Found a sand-covered staircase.
  4747 | Ossuary  | Entered an ossuary
  4794 | Ossuary  | Reached skill level 5 in Spellcasting
  4943 | Ossuary  | Reached skill level 6 in Earth Magic
  5079 | Ossuary  | Reached XP level 8. HP: 46/46 MP: 15/15
  5166 | Ossuary  | Reached skill level 1 in Poison Magic
  5198 | Ossuary  | Noticed a silent spectre
  5201 | Ossuary  | Reached skill level 1 in Air Magic
  5256 | D:5      | Found a staircase to the Ecumenical Temple.
  5270 | Temple   | Found a transporter.
  5270 | Temple   | Found a transporter.
  5270 | Temple   | Found a transporter.
  5270 | Temple   | Found a transporter.
  5270 | Temple   | Entered the Ecumenical Temple
  5522 | D:5      | Learned a level 2 spell: Poisonous Vapours
  5763 | D:6      | Reached skill level 5 in Conjurations
  6005 | D:6      | Slain by a sky beast

Illustrated notes

Levels and vault maps discovered:
D:1:      dpeg_arrival_shrine, layout_rooms, minmay_three_crescents
D:2:      layout_basic, basic_altar, minmay_vboxes, uniq_jessica
D:3:      layout_basic, gup_sewer_entry_bowl, chequers_serial_rivers_micro_e,
          uniq_sigmund
D:4:      layout_loops_ring
D:5:      layout_rooms, minmay_temple_entry_gardened_gates,
          nicolae_ossuary_entry_catacombs, chequers_garden,
          kennysheep_generic_room_13
D:6:      layout_basic, regret_index_temple_of_mockery,
          amcnicky_mini_rare_corridor_liquid,
          nicolae_concentric_dashed_squares_wild
Temple:   hellmonk_temple_divided_pantheon

Skill      XL: |  1  2  3  4  5  6  7  8 |
---------------+-------------------------+-----
Stealth        | 3 |  3.4
Spellcasting   | 3 4 5 |  5.0
Earth Magic    | 4 5 6 |  6.0
Conjurations   | 2 4 5 |  5.4
Poison Magic   | 3 |  3.8
Air Magic      | 3 |  3.1
Dodging        | |  2.4
Transmutations | |  1.6

Action                     |  1- 3 |  4- 6 |  7- 9 || total
---------------------------+-------+-------+-------++-------
  Melee: Unarmed           |     3 |       |       ||     3
         Constrict         |    17 |     8 |    11 ||    36
         Dagger            |    43 |    23 |    41 ||   107
         Tentacles         |     6 |     5 |    14 ||    25
         Punch             |       |       |     2 ||     2
   Cast: Sandblast         |    38 |   119 |    62 ||   219
         Stone Arrow       |       |       |     9 ||     9
    Use: Scroll            |       |    12 |     4 ||    16
         Potion            |       |       |     2 ||     2
   Stab: Sleeping          |     1 |     4 |     4 ||     9
 Armour: Skin              |    25 |    32 |    40 ||    97
  Dodge: Dodged            |    36 |    46 |    48 ||   130

Table legend: (Time is in decaauts)
 A = Elapsed time spent in this place.
 B = Non-inter-level travel time spent in this place.
 C = Inter-level travel time spent in this place.
 D = Time resting spent in this place.
 E = Time spent auto-exploring this place.
 F = Levels seen in this place.
 G = Mean time per level.
                   A        B        C        D        E       F      G
               +--------+--------+--------+--------+--------+-----+--------+
         Total |   6111 |   5871 |    240 |    277 |   4319 |   9 |  679.0 |
       Dungeon |   4954 |   4736 |    218 |    232 |   3648 |   6 |  825.7 |
        Temple |     23 |      1 |     22 |      0 |      0 |   1 |   23.0 |
         Sewer |    631 |    631 |      0 |      0 |    464 |   1 |  631.0 |
       Ossuary |    501 |    501 |      0 |     45 |    207 |   1 |  501.0 |
               +--------+--------+--------+--------+--------+-----+--------+

Top non-repeatable levels by time:
     D:2: 1064 daAuts
     D:5: 934 daAuts
     D:4: 863 daAuts
     D:3: 852 daAuts
     D:1: 832 daAuts
   Sewer: 631 daAuts
 Ossuary: 501 daAuts
     D:6: 407 daAuts
  Temple: 23 daAuts
